PBL
TEXAS RANGERS @ CLEVELAND INDIANS
05/12/2071
 
TOP OF THE 1ST
Texas Rangers batting - Pitching for Cleveland Indians : RHP Joe Thompson
Pitching: RHP Joe Thompson
Batting: LHB Ken'ichi Matsuura 0-0: SINGLE (Line Drive, 6M, EV 96.9 MPH)
Batting: LHB Dave Baker 0-0: Foul Ball, location: 2F
0-1: Hit by Pitch
Ken'ichi Matsuura to second
Batting: LHB Noburo Oike 0-0: Ball
1-0: Called Strike
1-1: Fly out, F6 (Popup, 6D, EV 66.9 MPH)
Batting: LHB Michael Gutiérrez 0-0: Ball
1-0: Ball
2-0: Called Strike
2-1: Foul Ball, location: 9LMFF
2-2: Strikes out looking
Batting: LHB Ben Williamson 0-0: Called Strike
0-1: Called Strike
0-2: Ball
1-2: Strikes out looking
Top of the 1st over - 0 runs, 1 hit, 0 errors, 2 left on base; Texas 0 - Cleveland 0
BOTTOM OF THE 1ST
Cleveland Indians batting - Pitching for Texas Rangers : RHP Arturo Guerrero
Pitching: RHP Arturo Guerrero
Batting: RHB Ramón Murillo 0-0: Called Strike
0-1: Ball
1-1: Swinging Strike
1-2: Ball
2-2: Strikes out looking
Batting: LHB Jorge Morán 0-0: Ball
1-0: Called Strike
1-1: Reached on error, E4 (Groundball, 4, EV 108.1 MPH)
Batting: RHB Mike Robinson 0-0: Called Strike
0-1: Ball
1-1: 2-RUN HOME RUN (Flyball, 9D, EV 99.4 MPH), Distance : 380 ft
Batting: LHB Tony Locke 0-0: Ball
1-0: Swinging Strike
1-1: Ball
2-1: SOLO HOME RUN (Flyball, 9D, EV 99.4 MPH), Distance : 373 ft
Batting: RHB Juan Galindo 0-0: Ball
1-0: Ball
2-0: Called Strike
2-1: Called Strike
2-2: Fly out, F9 (Flyball, 9LS, EV 89.4 MPH)
Batting: SHB Adam Emery 0-0: Called Strike
0-1: Ball
1-1: Fly out, F8 (Flyball, 8RXD, EV 100.0 MPH)
Bottom of the 1st over - 3 runs, 2 hits, 1 error, 0 left on base; Texas 0 - Cleveland 3
TOP OF THE 2ND
Texas Rangers batting - Pitching for Cleveland Indians : RHP Joe Thompson
Batting: SHB Cary Mench 0-0: Called Strike
0-1: Ball
1-1: Ball
2-1: Swinging Strike
2-2: Foul Ball, location: 2F
2-2: Foul Ball, location: 2F
2-2: Fly out, F8 (Flyball, 78M, EV 78.8 MPH)
Batting: RHB Richard Kinney 0-0: Ball
1-0: Called Strike
1-1: Ball
2-1: Ball
3-1: Base on Balls
Batting: RHB Gerald Weaver 0-0: Foul Ball, location: 2LF
0-1: Fielders Choice at 2nd, 4-6 (Groundball, 34S, EV 79.4 MPH)
Batting: LHB Claudio Valenzuela 0-0: Ball
Gerald Weaver steals 2nd base
1-0: Foul Ball, location: 5F
1-1: Ball
2-1: Foul Ball, location: 2F
2-2: Ball
3-2: Strikes out swinging
Top of the 2nd over - 0 runs, 0 hits, 0 errors, 1 left on base; Texas 0 - Cleveland 3
BOTTOM OF THE 2ND
Cleveland Indians batting - Pitching for Texas Rangers : RHP Arturo Guerrero
Batting: RHB Cheung Fang 0-0: Ball
1-0: Fly out, F4 (Popup, 4, EV 58.8 MPH)
Batting: RHB Jackson Williams 0-0: Called Strike
0-1: Foul Ball, location: 9LDF
0-2: Strikes out swinging
Batting: RHB Fedyenka Tiguntsev 0-0: Ground out 5-3 (Groundball, 56S, EV 76.3 MPH)
Bottom of the 2nd over - 0 runs, 0 hits, 0 errors, 0 left on base; Texas 0 - Cleveland 3
TOP OF THE 3RD
Texas Rangers batting - Pitching for Cleveland Indians : RHP Joe Thompson
Batting: LHB Ken'ichi Matsuura 0-0: Ball
1-0: Ground out U3 (Groundball, 23, EV 82.5 MPH)
Batting: LHB Dave Baker 0-0: Ball
1-0: Ball
2-0: Called Strike
2-1: SINGLE (Groundball, 13S, EV 65.0 MPH) (infield hit)
Batting: LHB Noburo Oike 0-0: Called Strike
0-1: Swinging Strike
0-2: Ball
1-2: Fly out, F5 (Popup, 56S, EV 65.0 MPH)
Batting: LHB Michael Gutiérrez 0-0: Foul Ball, location: 25FF
0-1: Foul Ball, location: 7LDF
0-2: Ground out 4-3 (Groundball, 4, EV 83.8 MPH)
Top of the 3rd over - 0 runs, 1 hit, 0 errors, 1 left on base; Texas 0 - Cleveland 3
BOTTOM OF THE 3RD
Cleveland Indians batting - Pitching for Texas Rangers : RHP Arturo Guerrero
Batting: RHB Ramón Murillo 0-0: Called Strike
0-1: Called Strike
0-2: Foul Ball, location: 9LDF
0-2: Fly out, F3 (Line Drive, 3, EV 71.9 MPH)
Batting: LHB Jorge Morán 0-0: Ball
1-0: SINGLE (Groundball, 34D, EV 101.9 MPH)
Batting: RHB Mike Robinson 0-0: Foul Ball, location: 2F
0-1: Swinging Strike
0-2: Ball
1-2: Fly out, F8 (Flyball, 8RD, EV 109.4 MPH)
Batting: LHB Tony Locke 0-0: Ball
1-0: Ball
2-0: Ball
3-0: Base on Balls
Jorge Morán to second
Batting: RHB Juan Galindo 0-0: Called Strike
0-1: Called Strike
0-2: Foul Ball, location: 2F
0-2: Foul Ball, location: 2F
0-2: Ball
1-2: Strikes out swinging
Bottom of the 3rd over - 0 runs, 1 hit, 0 errors, 2 left on base; Texas 0 - Cleveland 3
TOP OF THE 4TH
Texas Rangers batting - Pitching for Cleveland Indians : RHP Joe Thompson
Batting: LHB Ben Williamson 0-0: Foul Ball, location: 3F
0-1: Fly out, F8 (Line Drive, 8LD, EV 106.9 MPH)
Batting: SHB Cary Mench 0-0: Foul Ball, location: 2F
0-1: Foul Ball, location: 2F
0-2: Strikes out swinging
Batting: RHB Richard Kinney 0-0: Foul Ball, location: 2F
0-1: Foul Ball, location: 2F
0-2: Foul Ball, location: 2F
0-2: Foul Ball, location: 2F
0-2: Foul Ball, location: 2F
0-2: Ball
1-2: Strikes out swinging
Top of the 4th over - 0 runs, 0 hits, 0 errors, 0 left on base; Texas 0 - Cleveland 3
BOTTOM OF THE 4TH
Cleveland Indians batting - Pitching for Texas Rangers : RHP Arturo Guerrero
Batting: SHB Adam Emery 0-0: Ball
1-0: Called Strike
1-1: Ball
2-1: Foul Ball, location: 9LSF
2-2: Fly out, F7 (Flyball, 7D, EV 98.8 MPH)
Batting: RHB Cheung Fang 0-0: Ball
1-0: SINGLE (Groundball, 56D, EV 96.9 MPH)
Batting: RHB Jackson Williams 0-0: Called Strike
0-1: Fly out, F7 (Flyball, 7S, EV 72.5 MPH)
Batting: RHB Fedyenka Tiguntsev 0-0: Called Strike
0-1: 2-RUN HOME RUN (Flyball, 78XD, EV 109.4 MPH), Distance : 406 ft
Batting: RHB Ramón Murillo 0-0: Ground out 3-1 (Groundball, 34, EV 66.9 MPH)
Bottom of the 4th over - 2 runs, 2 hits, 0 errors, 0 left on base; Texas 0 - Cleveland 5
TOP OF THE 5TH
Texas Rangers batting - Pitching for Cleveland Indians : RHP Joe Thompson
Batting: RHB Gerald Weaver 0-0: Foul Ball, location: 9LMF
0-1: Ball
1-1: Ball
2-1: Ball
3-1: Fly out, F7 (Flyball, 78S, EV 96.3 MPH)
Batting: LHB Claudio Valenzuela 0-0: Ball
1-0: Ball
2-0: SINGLE (Groundball, 34, EV 86.3 MPH) (infield hit)
Batting: LHB Ken'ichi Matsuura 0-0: Ball
1-0: Called Strike
1-1: Foul Ball, location: 7LSF
1-2: Fielders Choice at 2nd, 4-6 (Groundball, 4, EV 84.4 MPH)
Batting: LHB Dave Baker 0-0: Ball
1-0: Called Strike
1-1: Swinging Strike
1-2: Strikes out swinging
Top of the 5th over - 0 runs, 1 hit, 0 errors, 1 left on base; Texas 0 - Cleveland 5
BOTTOM OF THE 5TH
Cleveland Indians batting - Pitching for Texas Rangers : RHP Arturo Guerrero
Batting: LHB Jorge Morán 0-0: Called Strike
0-1: Ball
1-1: Ball
2-1: Ball
3-1: Called Strike
3-2: Base on Balls
Batting: RHB Mike Robinson 0-0: Ball
Jorge Morán is caught stealing 2nd base 2-4
1-0: Ball
2-0: Ball
3-0: Base on Balls
Pitching: RHP Jim Dawson
Batting: LHB Tony Locke 0-0: Foul Ball, location: 2F
0-1: Foul Ball, location: 7LSF
0-2: Ball
1-2: Strikes out swinging
Batting: RHB Juan Galindo 0-0: Ball
1-0: Fielders Choice at 2nd, 5-4 (Groundball, 56, EV 76.3 MPH)
Bottom of the 5th over - 0 runs, 0 hits, 0 errors, 1 left on base; Texas 0 - Cleveland 5
TOP OF THE 6TH
Texas Rangers batting - Pitching for Cleveland Indians : RHP Joe Thompson
Batting: LHB Noburo Oike 0-0: Called Strike
0-1: Ball
1-1: Called Strike
1-2: Strikes out swinging
Batting: LHB Michael Gutiérrez 0-0: Swinging Strike
0-1: Ball
1-1: Ball
2-1: Ball
3-1: Ground out 4-3 (Groundball, 4, EV 98.1 MPH)
Batting: LHB Ben Williamson 0-0: Ball
1-0: Foul Ball, location: 3FF
1-1: Ball
2-1: Called Strike
2-2: Strikes out swinging
Top of the 6th over - 0 runs, 0 hits, 0 errors, 0 left on base; Texas 0 - Cleveland 5
BOTTOM OF THE 6TH
Cleveland Indians batting - Pitching for Texas Rangers : RHP Jim Dawson
Batting: SHB Adam Emery 0-0: Ball
1-0: Ball
2-0: SOLO HOME RUN (Flyball, 7LD, EV 96.3 MPH), Distance : 348 ft
Batting: RHB Cheung Fang 0-0: Ball
1-0: Ball
2-0: Ball
3-0: Base on Balls
Batting: RHB Jackson Williams 0-0: Swinging Strike
0-1: Foul Ball, location: 5F
0-2: Strikes out swinging
Batting: RHB Fedyenka Tiguntsev 0-0: SINGLE (Groundball, 6MD, EV 105.0 MPH)
Cheung Fang to second
Batting: RHB Ramón Murillo 0-0: Ball
1-0: Called Strike
1-1: Ball
2-1: Ball
3-1: Grounds into double play, 4-6-3 (Groundball, 4, EV 85.0 MPH)
Bottom of the 6th over - 1 run, 2 hits, 0 errors, 1 left on base; Texas 0 - Cleveland 6
TOP OF THE 7TH
Texas Rangers batting - Pitching for Cleveland Indians : RHP Joe Thompson
Batting: SHB Cary Mench 0-0: Called Strike
0-1: Ball
1-1: Fly out, F8 (Line Drive, 8LD, EV 91.3 MPH)
Batting: RHB Richard Kinney 0-0: Ground out U3 (Groundball, 13, EV 80.6 MPH)
Batting: RHB Gerald Weaver 0-0: Called Strike
0-1: Swinging Strike
0-2: Ball
1-2: Strikes out looking
Top of the 7th over - 0 runs, 0 hits, 0 errors, 0 left on base; Texas 0 - Cleveland 6
BOTTOM OF THE 7TH
Cleveland Indians batting - Pitching for Texas Rangers : RHP Jim Dawson
Batting: LHB Jorge Morán 0-0: Ball
1-0: Ball
2-0: Ball
3-0: Called Strike
3-1: SINGLE (Groundball, 34D, EV 104.4 MPH) (infield hit)
Batting: RHB Mike Robinson 0-0: Ball
1-0: Foul Ball, location: 25F
1-1: Ball
2-1: Ball
3-1: DOUBLE (Line Drive, 5D, EV 101.3 MPH)
Jorge Morán to third
Pitching: RHP Michael Peterson
Batting: LHB Tony Locke 0-0: Ball
1-0: Ball
2-0: Called Strike
2-1: Called Strike
2-2: Strikes out looking
Batting: RHB Juan Galindo 0-0: Called Strike
0-1: Swinging Strike
0-2: Ball
1-2: Ball
2-2: Ball
3-2: Fly out, F5 (Line Drive, 5, EV 64.4 MPH)
Lined into DP, U5 (Line Drive, 5, EV 64.4 MPH)
Bottom of the 7th over - 0 runs, 2 hits, 0 errors, 1 left on base; Texas 0 - Cleveland 6
TOP OF THE 8TH
Texas Rangers batting - Pitching for Cleveland Indians : RHP Joe Thompson
Pitching: RHP Ron Childs
Batting: LHB Claudio Valenzuela 0-0: Called Strike
0-1: Ball
1-1: Fly out, F9 (Flyball, 9D, EV 100.0 MPH)
Batting: LHB Ken'ichi Matsuura 0-0: Ground out 4-3 (Groundball, 34, EV 83.1 MPH)
Batting: LHB Dave Baker 0-0: Ball
1-0: Called Strike
1-1: Swinging Strike
1-2: Ball
2-2: Ball
3-2: Foul Ball, location: 3F
3-2: Strikes out swinging
Top of the 8th over - 0 runs, 0 hits, 0 errors, 0 left on base; Texas 0 - Cleveland 6
BOTTOM OF THE 8TH
Cleveland Indians batting - Pitching for Texas Rangers : RHP Michael Peterson
Batting: SHB Adam Emery 0-0: Ball
1-0: Ball
2-0: Ball
3-0: Base on Balls
Batting: RHB Cheung Fang 0-0: Ball
1-0: Ball
2-0: Ball
3-0: Called Strike
3-1: SINGLE (Line Drive, 8LS, EV 102.5 MPH)
Adam Emery to second
Batting: RHB Jackson Williams 0-0: Ball
1-0: Fielders Choice at 2nd, 5-4 (Groundball, 56, EV 83.8 MPH)
Adam Emery to third
Batting: RHB Fedyenka Tiguntsev 0-0: Ball
1-0: Ball
2-0: Called Strike
2-1: Ball
3-1: Called Strike
3-2: Fly out, F8 (Flyball, 78S, EV 78.1 MPH)
Batting: RHB Ramón Murillo 0-0: Ball
1-0: Swinging Strike
1-1: Foul Ball, location: 9LSF
1-2: Strikes out swinging
Bottom of the 8th over - 0 runs, 1 hit, 0 errors, 2 left on base; Texas 0 - Cleveland 6
TOP OF THE 9TH
Texas Rangers batting - Pitching for Cleveland Indians : RHP Ron Childs
Batting: LHB Noburo Oike 0-0: Ball
1-0: Ball
2-0: SOLO HOME RUN (Flyball, 9D, EV 95.6 MPH), Distance : 367 ft
Batting: LHB Michael Gutiérrez 0-0: Called Strike
0-1: Swinging Strike
0-2: Ball
1-2: Ball
2-2: Foul Ball, location: 2F
2-2: Ball
3-2: Foul Ball, location: 9LMF
3-2: Base on Balls
Batting: LHB Ben Williamson 0-0: Called Strike
0-1: Ball
1-1: Foul Ball, location: 25FF
1-2: Ball
2-2: Hit by Pitch
Michael Gutiérrez to second
Batting: SHB Cary Mench 0-0: Ball
1-0: Ball
Wild Pitch!
Michael Gutiérrez to third
Ben Williamson to second
2-0: Ball
3-0: Base on Balls
Pitching: RHP Jesús Morán
Batting: RHB Richard Kinney 0-0: Ball
1-0: Ball
2-0: Reached via error on a dropped throw from 2B, E6 (Groundball, 4, EV 78.8 MPH)
Michael Gutiérrez scores
Ben Williamson to third
Cary Mench to second
Batting: RHB Gerald Weaver 0-0: Ball
1-0: Swinging Strike
1-1: Ball
Passed Ball!
Ben Williamson scores
Cary Mench to third
Richard Kinney to second
2-1: Swinging Strike
2-2: Strikes out swinging
Batting: LHB Claudio Valenzuela 0-0: Fielders Choice at home, 4-2 (Groundball, 4, EV 86.3 MPH)
Richard Kinney to third
Batting: LHB Ken'ichi Matsuura 0-0: Called Strike
0-1: Swinging Strike
0-2: SINGLE (Line Drive, 6D, EV 98.8 MPH)
Richard Kinney scores
Claudio Valenzuela to second
Batting: LHB Dave Baker 0-0: SINGLE (Groundball, 4MD, EV 98.8 MPH)
Claudio Valenzuela to third
Ken'ichi Matsuura to second
Batting: LHB Noburo Oike 0-0: Ball
1-0: Ball
2-0: Called Strike
2-1: Foul Ball, location: 9LSF
2-2: Fly out, F9 (Flyball, 9, EV 97.5 MPH)
Top of the 9th over - 4 runs, 3 hits, 1 error, 3 left on base; Texas 4 - Cleveland 6
Monday, April 15th , 2024 - OOTP Baseball 24.10 Build 82